 Dungeon Crawl Stone Soup version 0.30-a0-715-gdb4ae3ece1 (webtiles) character file.

Game seed: 10047278341676092759

78548 browni3141 the Fencer (level 15, -2/132 HPs)
             Began as a Naga Summoner on Jan 24, 2023.
             Was a Follower of Yredelemnul.
             Slain by a naga
             ... wielding a +0 glaive
              (27 damage)
             ... on level 1 of the Snake Pit.
             The game lasted 00:57:08 (20412 turns).

browni3141 the Fencer (Naga Summoner)              Turns: 20412, Time: 00:57:09

Health: -2/132     AC: 13    Str: 11    XL:     15   Next: 60%
Magic:  14/22      EV:  8    Int: 27    God:    Yredelemnul [*.....]
Gold:   142        SH:  0    Dex: 12    Spells: 9/22 levels left

rFire   + . .      SeeInvis +    U - +8 triple sword of the World {elec, *Rage Int+5}
rCold   + . .      Faith    .    (shield currently unavailable)
rNeg    . . .      Spirit   .    N - +2 robe {rC+}
rPois   +          Reflect  .    X - +1 helmet
rElec   .          Harm     .    r - +0 cloak
rCorr   .          Rampage  .    a - +1 pair of gloves
Will    +....      Rage     20%  (no barding)
Stlth   ++                       c - amulet of regeneration
HPRegen 1.22/turn                A - ring of protection from fire
MPRegen 0.18/turn                O - ring of flight

@: on berserk cooldown, flying, slowed, constricted, very slow
A: AC +5, large, see invisible, deformed body, poison resistance, slowness 2,
spit poison 1, naga tail 2
a: Spit Poison, Renounce Religion, Recall Undead Harvest


You were on level 1 of the Snake Pit.
You worshipped Yredelemnul.
Yredelemnul was aware of your devotion.
You visited 5 branches of the dungeon, and saw 21 of its levels.
You visited 1 bazaar.
You also visited: Ossuary.

You collected 2698 gold pieces.
You spent 2556 gold pieces at shops.

Inventory:

Hand Weapons
 d - the +3 triple crossbow of Harmony {heavy, rCorr Dex+4}
   (You bought it in a shop in a bazaar)

   Dex:       It affects your dexterity (+4).
   rCorr:     It protects you from acid and corrosion.
 z - a +0 hand axe of venom
 G - a +2 scimitar
 J - a +0 vampiric spear
 K - a +2 scimitar of flaming
 U - the +8 triple sword of the World (weapon) {elec, *Rage Int+5}
   (You acquired it on level 4 of the Dungeon)

   Int:       It affects your intelligence (+5).
   *Rage:     It berserks you when you make melee attacks (+20% chance).
Armour
 a - a +1 pair of gloves (worn)
 j - a +0 pair of gloves
 r - a +0 cloak (worn)
 N - a +2 robe of cold resistance (worn)
 T - a +0 helmet
 X - a +1 helmet (worn)
Jewellery
 c - an amulet of regeneration (around neck)
 A - a ring of protection from fire (left hand)
 O - a ring of flight (right hand)
 P - a ring of ice
 R - a ring of willpower
Wands
 f - a wand of flame (47)
 F - a wand of digging (7)
 H - a wand of quicksilver (9)
 W - a wand of paralysis (11)
Scrolls
 e - 4 scrolls of poison
 h - 4 scrolls of fear
 i - a scroll of silence
 s - a scroll of blinking
 t - 9 scrolls of teleportation
 v - 2 scrolls of torment
 w - 5 scrolls of vulnerability
 y - 2 scrolls of fog
 B - 2 scrolls of magic mapping
 L - 3 scrolls of enchant armour
 M - a scroll of amnesia
 S - 3 scrolls of enchant weapon
 V - a scroll of noise
 Z - a scroll of brand weapon
Potions
 b - 3 potions of magic
 g - 8 potions of curing
 k - 5 potions of mutation
 l - 5 potions of attraction
 m - 3 potions of brilliance {unknown}
 n - 6 potions of berserk rage {unknown}
 o - 9 potions of heal wounds {unknown}
 p - 2 potions of cancellation {unknown}
 q - 7 potions of might {unknown}
 u - 5 potions of ambrosia
 C - a potion of degeneration {unknown}
 D - 6 potions of lignification
 E - 2 potions of flight {unknown}
 I - a potion of resistance {unknown}
 Q - 4 potions of haste
 Y - a potion of experience {unknown}


   Skills:
 - Level 8.0 Fighting
 * Level 20.2 Long Blades
 - Level 3.2 Axes
 - Level 5.0 Dodging
 - Level 3.0 Stealth
 - Level 4.0 Spellcasting
 - Level 3.0 Hexes
 - Level 10.0 Summonings
 - Level 3.0 Air Magic
 - Level 10.0 Invocations
 - Level 5.0 Evocations


You had 9 spell levels left.
You knew the following spells:

 Your Spells              Type           Power      Damage    Failure   Level
a - Summon Small Mammal   Summ           100%       N/A       1%          1
b - Call Imp              Summ           56%        N/A       1%          2
c - Call Canine Familiar  Summ           56%        N/A       1%          3
d - Summon Guardian Gole  Hex/Summ       40%        N/A       1%          3
e - Summon Lightning Spi  Summ/Air       40%        N/A       5%          4

Your spell library contained the following spells:

 Spells                   Type           Power      Damage    Failure   Level
 Static Discharge         Conj/Air       26%        2-4/arc   6%          2
 Confusing Touch          Hex            21%        N/A       7%          3
 Apportation              Tloc           10%        N/A       8%          1
 Kiss of Death            Conj/Necr      20%        2d7       8%          1
 Necrotise                Necr           20%        1d5       8%          1
 Summon Ice Beast         Ice/Summ       32%        N/A       10%         4
 Blink                    Tloc           10%        N/A       12%         2
 Lesser Beckoning         Tloc           10%        N/A       12%         2
 Momentum Strike          Conj/Tloc      10%        3d8       12%         2
 Sublimation of Blood     Necr           5%         N/A       12%         2
 Vhi's Electric Charge    Tloc/Air       26%        N/A       13%         3
 Cause Fear               Hex            10%        N/A       22%         4
 Gell's Gravitas          Tloc           5%         N/A       24%         3
 Ignite Poison            Fire/Tmut/Pois 5%         N/A       24%         3
 Teleport Other           Tloc           5%         N/A       24%         3
 Dispel Undead            Necr           5%         3d7       61%         4
 Petrify                  Tmut/Erth      5%         N/A       61%         4
 Sticky Flame             Conj/Fire      5%         2d3       61%         4
 Arcjolt                  Conj/Air       6%         1d16      75%         5
 Lightning Bolt           Conj/Air       6%         1d18      75%         5
 Metabolic Englaciation   Hex/Ice        6%         N/A       75%         5
 Freezing Cloud           Conj/Ice/Air   5%         6-21      82%         5
 Alistair's Intoxication  Tmut/Pois      3%         N/A       91%         5
 Irradiate                Conj/Tmut      2%         3d12      91%         5
 Dispersal                Tloc           2%         N/A       100%        6
 Statue Form              Tmut/Erth      3%         N/A       100%        6
 Dragon Form              Tmut           2%         N/A       100%        7
 Malign Gateway           Summ/Tloc      16%        N/A       100%        7
 Ignition                 Fire           2%         3d3       100%        8
 Dragon's Call            Summ           28%        N/A       100%        9


Dungeon Overview and Level Annotations

Branches:
Dungeon (12/15)            Temple (1/1) D:5            Lair (5/5) D:9
  Swamp (0/4) Lair:2        Snake (1/4) Lair:3        Slime (0/5) Lair:4
    Orc (2/2) D:12            Elf (0/3) Orc:2       Ossuary (visited)

Altars:
Ashenzari
Cheibriados
Elyvilon
Kikubaaqudgha
Makhleb
Nemelex Xobeh
Okawaru
Qazlal
Ru
Sif Muna
Trog
Uskayaw
Vehumet
Wu Jian
Xom
Yredelemnul
The Shining One

Shops:
D:1 !   D:4 ?   D:8 :   D:12 =   Orc:2 [[(![[*

Annotations:
D:8 exclusion: downstairs
D:10 4 transporters
Orc:1 exclusion: oklob plant


Innate Abilities, Weirdness & Mutations

Your serpentine skin is tough. (AC +5)
You have supernaturally acute eyesight. (SInv)
Armour fits poorly on your strangely shaped body.
Your system is resistant to poisons. (rPois)
You cover ground very slowly.
You can spit poison.
You can use your snake-like lower body to constrict enemies.


Message History

Your guardian serpent zombie barely misses the black mamba.
The black mamba bites your guardian serpent zombie!
You can no longer trade souls for undead servants.
The black mamba bites your guardian serpent zombie.
Your guardian serpent zombie hits the black mamba.
The black mamba bites your guardian serpent zombie!
The naga hits you with a +0 battleaxe. The naga grabs you.
The naga constricts you.
The naga hits you from afar with a +0 glaive!!
Your guardian serpent zombie hits the black mamba but does no damage.
The black mamba barely misses your guardian serpent zombie.
The naga closely misses you. The naga barely misses you.
The naga constricts you.
Your guardian serpent zombie closely misses the black mamba.
The black mamba bites your guardian serpent zombie!!
You barely miss the black mamba. You grab the black mamba.
The black mamba is almost dead.
You constrict the black mamba. The black mamba bites you!
You are poisoned.
The black mamba poisons you! The naga spits poison at you.
The splash of poison hits you but does no damage.
You resist. The naga constricts you. The naga completely misses you.
Your guardian serpent zombie hits the black mamba!
The black mamba dies!
The naga hits you from afar with a +0 glaive!
* * * LOW HITPOINT WARNING * * *
The naga hits you with a +0 battleaxe.
* * * LOW HITPOINT WARNING * * *
The naga constricts you.
* * * LOW HITPOINT WARNING * * *
You feel better.
Your guardian serpent zombie barely misses the naga.
The naga barely misses you.
The naga closely misses your guardian serpent zombie.
The naga constricts you.
* * * LOW HITPOINT WARNING * * *
The naga hits you from afar with a +0 glaive!!
You die...
Your body rises from the dead as a mindless zombie.

#.. ...# ..# .).
#.# . #.# ...
###.###.....
##.###..ZNN).....
#......#@###N....
#..###[Z.# ###
#.. ##.## ... #.#
####.### #.# #
##......###.#
#.##...........#
...........#..# #
#........#..##


You could see 2 nagas, a friendly black mamba zombie and a friendly guardian
serpent zombie.

Vanquished Creatures
  A lich (D:12)
  A fire giant (D:12)
  3 hydras
  A catoblepas (Lair:5)
  A boulder beetle (D:12)
  Erica (D:8)
  A two-headed ogre (Orc:1)
  A shock serpent (Snake:1)
  A tengu warrior (D:12)
  6 orc high priests
  A skeletal warrior (D:12)
  A naga ritualist (Snake:1)
  4 lindwurms
  7 orc knights
  An ugly thing (D:11)
  A cyclops (D:12)
  2 orc sorcerers (Orc:2)
  A mana viper (Snake:1)
  2 manticores (Lair:5)
  10 black mambas
  A guardian serpent (Snake:1)
  3 torpor snails (Lair:5)
  11 cane toads
  A gargoyle (D:12)
  2 kobold demonologists (D:11)
  3 rime drakes
  5 komodo dragons
  A troll (D:12)
  A meliai (D:9)
  4 hornets
  3 polar bears (Lair:1)
  Prince Ribbit (D:9)
  3 tyrant leeches (Lair:5)
  6 dream sheep (Lair:5)
  5 blink frogs (Lair:4)
  A centaur simulacrum (D:12)
  5 slime creatures (D:12)
  A shadow (D:11)
  27 yaks
  2 vampires (D:12)
  5 wyverns
  A basilisk (Lair:5)
  2 steam dragons (D:6)
  3 vampire mosquitoes (D:10)
  7 wargs
  8 water moccasins
  An ice beast (D:6)
  A meliai simulacrum (D:12)
  2 sky beasts (D:8)
  2 black bears
  19 orc warriors
  4 ogres
  3 wolves (Lair:1)
  5 centaurs
  9 bullfrogs
  A necrophage (D:8)
  A scorpion (D:6)
  A wight (D:7)
  A killer bee (D:9)
  A howler monkey (D:11)
  An electric eel (D:12)
  A jelly (D:6)
  29 orc priests
  A hound (D:4)
  7 hell rats (Lair:5)
  An iguana (Lair:2)
  8 orc wizards
  2 mummies (Ossuary)
  A spectral electric eel (D:12)
  A gnoll (D:8)
  A shadow imp (D:6)
  2 white imps
  An adder zombie (Ossuary)
  2 dart slugs
  46 orcs
  5 ball pythons
  A bat (D:2)
  5 goblins
  A hobgoblin (D:4)
  7 kobolds
  A quokka (D:4)
  3 frilled lizards
  A gnoll zombie (Ossuary)
  A goblin zombie (Ossuary)
  A jackal zombie (Ossuary)
  5 rats
345 creatures vanquished.

Vanquished Creatures (collateral kills)
  A sphinx (D:12)
  A fire dragon (Lair:5)
  3 hydras
  The ghost of osoart the Nimble, a journeyman DjFE of Qazlal (D:12)
  2 catoblepae (Lair:5)
  A necromancer (D:12)
  A manticore (D:12)
  A salamander (Snake:1)
  A cyclops (D:12)
  5 elephants (Lair:1)
  5 black mambas
  2 gargoyles (D:12)
  2 torpor snails (Lair:5)
  5 cane toads
  An unseen horror (D:10)
  3 kobold demonologists (D:11)
  7 komodo dragons
  2 meliai (D:9)
  A tyrant leech (Lair:5)
  A polar bear (Lair:1)
  A blink frog (Lair:5)
  4 hornets (Lair:5)
  2 dream sheep (Lair:5)
  2 slime creatures (D:12)
  2 wyverns
  A shadow (D:10)
  A water elemental (D:12)
  18 yaks
  2 basilisks
  2 nagas (Snake:1)
  4 vampire mosquitoes (D:10)
  A swamp worm (Lair:2)
  An acid dragon (D:8)
  6 water moccasins
  An orc warrior (D:12)
  2 black bears
  3 wolves
  3 centaurs
  A phantom (D:6)
  A kobold brigand (D:8)
  Blork the orc (D:6)
  2 necrophages
  A gnoll sergeant (D:8)
  2 bullfrogs
  A scorpion (D:7)
  9 wights
  5 killer bees (D:9)
  2 electric eels (D:12)
  2 jellies
  8 orc priests
  A hound (D:7)
  4 orc wizards
  5 iguanas
  A hound zombie (Ossuary)
  2 mummies (Ossuary)
  A howler monkey zombie (D:11)
  5 gnolls
  2 adders
  A shadow imp (D:5)
  An adder zombie (Ossuary)
  A worm (D:2)
  A dart slug (D:1)
  30 orcs
  5 ball pythons
  4 endoplasms
  2 giant cockroaches
  3 hobgoblins
  19 kobolds
  2 quokkas (D:4)
  2 bats (D:1)
  A frilled lizard (D:3)
  7 goblins
  A goblin zombie (Ossuary)
  A hobgoblin zombie (Ossuary)
  A kobold zombie (Ossuary)
  3 orc zombies
  3 rats
  A rat zombie (Ossuary)
  A plant (Lair:5)
248 creatures vanquished.

Vanquished Creatures (others)
  Snorg (D:10)
  Fannar (D:11)
  A hydra (Lair:1)
  A boulder beetle (D:11)
  A spectral hydra (D:12)
  An orc knight (Orc:1)
  An ugly thing zombie (D:11)
  A sphinx zombie (D:12)
  A fire giant zombie (D:12)
  A shock serpent zombie (Snake:1)
  An elephant (Lair:1)
  A catoblepas zombie (Lair:5)
  2 hydra zombies
  A meliai zombie (D:9)
  3 black mamba zombies
  6 yaks (D:6)
  4 slime creature zombies (D:12)
  A water moccasin (D:7)
  An orc warrior (D:11)
  A hornet zombie (Lair:5)
  A black bear (D:4)
  3 elephant zombies (Lair:1)
  A human zombie (D:9)
  A dream sheep zombie (Lair:5)
  A vampire mosquito zombie (D:10)
  A komodo dragon zombie (Lair:2)
  A troll zombie (D:10)
  A salamander zombie (Snake:1)
  A scorpion (D:5)
  A gnoll sergeant (D:7)
  4 wyvern zombies
  2 cyclops zombies (D:12)
  4 water moccasin zombies
  5 warg zombies (Orc:2)
  2 wights (D:7)
  12 yak zombies
  2 wolf zombies
  4 bullfrog zombies
  5 centaur zombies
  2 black bear zombies
  An iguana (D:5)
  An orc wizard (D:12)
  A scorpion zombie (D:6)
  An ice beast zombie (D:6)
  2 killer bee zombies (D:9)
  A naga zombie (Snake:1)
  A sky beast zombie (D:8)
  A hound zombie (D:7)
  2 hell rat zombies (Lair:5)
  A spectral electric eel (D:12)
  2 gnolls (D:7)
  A white imp (D:5)
  2 jelly zombies (D:6)
  60 orc zombies
  4 gnoll zombies
  5 kobold zombies
  59 fungi
  87 plants
317 creatures vanquished.

Grand Total: 910 creatures vanquished

Notes
Turn   | Place    | Note
-------+----------+-------------------------------------------
     0 | D:1      | browni3141 the Naga Summoner began the quest for the Orb.
     0 | D:1      | Reached XP level 1. HP: 15/15 MP: 3/3
    68 | D:1      | Reached skill level 1 in Fighting
    74 | D:1      | Reached XP level 2. HP: 4/25 MP: 0/5
   188 | D:1      | Learned a level 2 spell: Call Imp
   415 | D:1      | Reached XP level 3. HP: 26/31 MP: 3/6
   463 | D:1      | Found Tiopost's Distillery.
  1220 | D:2      | Reached skill level 5 in Summonings
  1367 | D:2      | Learned a level 3 spell: Call Canine Familiar
  2151 | D:3      | Reached XP level 4. HP: 34/38 MP: 5/7
  2210 | D:3      | Found a shimmering blue altar of Sif Muna.
  2329 | D:3      | Noticed a water moccasin
  2534 | D:3      | Killed a water moccasin
  2535 | D:3      | Reached XP level 5. HP: 44/44 MP: 1/9
  2822 | D:3      | Learned a level 3 spell: Summon Guardian Golem
  3263 | D:4      | Reached XP level 6. HP: 45/51 MP: 7/10
  3617 | D:4      | Noticed a black bear
  3655 | D:4      | Killed a black bear
  3694 | D:4      | Found Qulafe Ciuz's Magic Scroll Shop.
  3726 | D:4      | Bought a scroll of identify for 26 gold pieces
  3726 | D:4      | Bought a scroll of teleportation for 39 gold pieces
  3726 | D:4      | Bought a scroll of identify for 26 gold pieces
  3847 | D:4      | Reached XP level 7. HP: 61/61 MP: 7/11
  4050 | D:5      | Entered Level 5 of the Dungeon
  4439 | D:5      | Found a staircase to the Ecumenical Temple.
  4555 | Temple   | Entered the Ecumenical Temple
  4589 | Temple   | Became a worshipper of Yredelemnul the Dark
  4655 | D:5      | Reached * piety under Yredelemnul
  4847 | D:5      | Reached XP level 8. HP: 66/69 MP: 9/12
  5092 | D:5      | Identified the +1 plate armour of the Slorg {rF+ Regen+}
  5292 | D:6      | Reached skill level 5 in Fighting
  5292 | D:6      | Reached skill level 1 in Evocations
  5299 | D:6      | Noticed a yak
  5299 | D:6      | Noticed a yak
  5315 | D:6      | Killed a yak
  5404 | D:6      | Noticed a yak
  5409 | D:6      | Noticed a yak
  5411 | D:6      | Noticed a yak
  5412 | D:6      | Noticed a yak
  5417 | D:6      | Killed a yak
  5427 | D:6      | Killed a yak
  5428 | D:6      | Reached skill level 5 in Evocations
  5435 | D:6      | Killed a yak
  5436 | D:6      | Reached XP level 9. HP: 81/81 MP: 7/14
  5776 | D:6      | Noticed Blork the orc
  5786 | D:6      | Killed Blork the orc
  6137 | D:6      | Reached skill level 10 in Summonings
  6142 | D:6      | Learned a level 4 spell: Summon Lightning Spire
  6168 | D:7      | Reached skill level 1 in Air Magic
  6258 | D:7      | Reached XP level 10. HP: 92/92 MP: 16/16
  6979 | D:8      | Paralysed by a hornet for 2 turns
  7012 | D:8      | Found a sand-covered staircase.
  7019 | Ossuary  | Entered an ossuary
  7465 | D:8      | Noticed Erica
  7499 | D:8      | Killed Erica
  7789 | D:8      | Found Hellekk's Book Boutique.
  8016 | D:8      | Reached skill level 1 in Long Blades
  8187 | D:9      | Found a staircase to the Lair.
  8300 | D:9      | Reached skill level 2 in Long Blades
  8361 | D:9      | Reached ** piety under Yredelemnul
  8362 | D:9      | Reached skill level 3 in Long Blades
  8424 | D:9      | Noticed Prince Ribbit
  8433 | D:9      | Killed Prince Ribbit
  8455 | D:9      | Reached *** piety under Yredelemnul
  8459 | D:9      | Reached XP level 11. HP: 82/103 MP: 14/17
  8460 | D:9      | Reached skill level 4 in Long Blades
  8460 | D:9      | Reached skill level 5 in Dodging
  8465 | D:9      | Reached skill level 5 in Long Blades
  8610 | D:9      | Reached **** piety under Yredelemnul
  8766 | D:9      | Your ally Prince Ribbit died
  8767 | D:9      | Reached skill level 6 in Long Blades
  8994 | D:9      | Found a stormy altar of Qazlal.
  8999 | D:9      | Reached skill level 7 in Long Blades
  9006 | D:9      | Found a hide-covered altar of Uskayaw.
  9006 | D:9      | Found a sacrificial altar of Ru.
  9007 | D:9      | Found an ancient bone altar of Kikubaaqudgha.
  9008 | D:9      | Found a shimmering altar of Xom.
  9011 | D:9      | Found an ornate altar of the Wu Jian Council.
  9217 | D:10     | Entered Level 10 of the Dungeon
  9262 | D:10     | Found a transporter.
  9272 | D:10     | Found a transporter.
  9274 | D:10     | Found a transporter.
  9334 | D:10     | Noticed Snorg
  9349 | D:10     | Killed Snorg
  9464 | D:10     | Reached skill level 8 in Long Blades
  9464 | D:10     | Reached skill level 1 in Invocations
  9688 | D:10     | Reached skill level 5 in Invocations
  9899 | D:10     | Found a transporter.
 10074 | D:10     | Reached ***** piety under Yredelemnul
 10075 | D:10     | Your ally Snorg died
 10310 | D:11     | Noticed a white ugly thing
 10318 | D:11     | Reached XP level 12. HP: 49/110 MP: 14/18
 10409 | D:11     | Noticed a boulder beetle
 10450 | D:11     | Killed a boulder beetle
 10680 | D:11     | Noticed a sun demon
 10829 | D:11     | You are sucked into a shaft and drop 1 floor!
 10955 | D:11     | Found an iron altar of Okawaru.
 11035 | D:11     | Noticed Fannar
 11057 | D:11     | Killed Fannar
 11339 | D:4      | Bought a scroll of acquirement for 676 gold pieces
 11339 | D:4      | Acquired the +8 triple sword of the World {elec, *Rage
                  | Int+5}
 11465 | Lair:1   | Entered Level 1 of the Lair of Beasts
 11638 | Lair:1   | Reached skill level 10 in Invocations
 11666 | Lair:1   | Reached skill level 9 in Long Blades
 11807 | Lair:1   | Noticed a six-headed hydra
 11830 | Lair:1   | Killed a six-headed hydra
 11834 | Lair:1   | Reached skill level 10 in Long Blades
 11898 | Lair:1   | Reached skill level 11 in Long Blades
 12007 | Lair:1   | Gained mutation: You can use your snake-like lower body to
                  | constrict enemies. [Naga growth]
 12007 | Lair:1   | Reached XP level 13. HP: 117/117 MP: 20/20
 12758 | Lair:2   | Reached skill level 12 in Long Blades
 13166 | Lair:2   | Found a staircase to the Swamp.
 13581 | Lair:3   | Reached skill level 13 in Long Blades
 13914 | Lair:3   | Found a staircase to the Snake Pit.
 14252 | Lair:3   | Reached skill level 14 in Long Blades
 14698 | Lair:4   | Got the Atlas of Combined Teratogeny
 14934 | Lair:4   | Found a staircase to the Slime Pits.
 15267 | Lair:5   | Entered Level 5 of the Lair of Beasts
 15436 | Lair:5   | Reached skill level 15 in Long Blades
 15445 | Lair:5   | Reached ****** piety under Yredelemnul
 15535 | Lair:5   | Reached XP level 14. HP: 120/126 MP: 21/21
 15774 | Lair:5   | Reached skill level 16 in Long Blades
 15968 | Lair:5   | Found a runed translucent door.
 16261 | Lair:5   | Reached skill level 17 in Long Blades
 17032 | D:12     | Found a runed translucent door.
 17034 | D:12     | Noticed a sphinx
 17034 | D:12     | Noticed a lich
 17035 | D:12     | Noticed a fire giant
 17036 | D:12     | Found a runed translucent door.
 17237 | D:12     | Found Mexyhuwu's Jewellery Boutique.
 17492 | D:12     | Reached skill level 18 in Long Blades
 17667 | D:12     | Got the Exposition on Relocation
 17676 | D:12     | Found a staircase to the Orcish Mines.
 17744 | D:12     | Noticed osoart's ghost (journeyman DjFE)
 17941 | D:12     | Killed a lich
 17953 | D:12     | HP: 5/119 [necromancer/bolt of negative energy (31)]
 17967 | D:12     | Killed osoart's ghost
 17970 | D:12     | Killed a fire giant
 17971 | D:12     | Reached XP level 15. HP: 74/132 MP: 22/22
 17979 | D:12     | Killed a sphinx
 18125 | Orc:1    | Entered Level 1 of the Orcish Mines
 18272 | Orc:1    | Reached skill level 19 in Long Blades
 18423 | Orc:2    | Entered Level 2 of the Orcish Mines
 18515 | Orc:2    | Found Hetaip's General Store.
 19075 | Orc:2    | Found Liorye's Distillery.
 19204 | Orc:2    | Found Qeocvoem's Antique Armour Shoppe.
 19260 | Orc:2    | Found a staircase to the Elven Halls.
 19511 | Orc:2    | Found Natzem's Antique Armour Shop.
 19511 | Orc:2    | Found Nuuciump's Armour Shoppe.
 19602 | Orc:2    | Found Hemutat's Weapon Shoppe.
 19692 | Orc:2    | Found Arishe's Antique Armour Shop.
 19906 | Orc:2    | Found a gateway to a bazaar.
 19936 | Bazaar   | Entered a bazaar
 19936 | Bazaar   | Found Cahug's Antique Armour Emporium.
 19955 | Bazaar   | Found Lonul's Book Boutique.
 19966 | Bazaar   | Found Boseani's Distillery.
 19980 | Bazaar   | Found Wahow's Antique Weapon Shop.
 19980 | Bazaar   | Found Ischytz's General Store.
 20004 | Bazaar   | Bought a crude triple crossbow for 465 gold pieces
 20004 | Bazaar   | Identified the +3 triple crossbow of Harmony {heavy, rCorr
                  | Dex+4} (You bought it in a shop in a bazaar)
 20020 | Bazaar   | Bought a potion of ambrosia for 96 gold pieces
 20020 | Bazaar   | Bought a potion of haste for 120 gold pieces
 20020 | Bazaar   | Bought a potion of curing for 36 gold pieces
 20020 | Bazaar   | Bought a potion of haste for 120 gold pieces
 20020 | Bazaar   | Bought 2 potions of lignification for 72 gold pieces
 20031 | Bazaar   | Bought the Codex of the Tempest for 420 gold pieces
 20031 | Bazaar   | Bought a book of the Dragon for 460 gold pieces
 20242 | Snake:1  | Entered Level 1 of the Snake Pit
 20330 | Snake:1  | Reached skill level 20 in Long Blades
 20412 | Snake:1  | Slain by a naga

Illustrated notes

Levels and vault maps discovered:
D:1:      evilmike_arrival_crescent, layout_rooms, serial_shops,
          nicolae_square_shop, minmay_pentomino_u4
D:2:      layout_basic, dk_vineyard_1, minivault_23
D:3:      layout_basic, nicolae_sif_muna_little_library,
          serial_co_window_serial, co_window_paths_a,
          co_window_of_opportunity_a, co_window_of_opportunity_a,
          co_window_paths_a, co_window_paths_b, co_window_2corner,
          co_window_unsneaky_path_e, co_window_of_opportunity_b,
          co_window_2corner, co_window_4corner_b, co_window_paths_e,
          glass_columns_c, glass_columns_b, glass_columns_a, glass_columns_a,
          lexackson_kobold_supper
D:4:      layout_cave_pods, serial_shops, nicolae_shop_waterfront
D:5:      minmay_evil_eye, layout_loops_ring, minmay_temple_entry_crystal_x
D:6:      cheibrodos_steamvent, layout_basic, grunt_ministairs_15,
          uniq_blork_the_orc
D:7:      layout_basic, kennysheep_small_square
D:8:      minmay_general_purpose_star, layout_loops_ring,
          nicolae_ossuary_entry_false_entrances, minmay_misc_feat_iff,
          nicolae_take_the_stairs, uniq_erica
D:9:      layout_stronghold, minitemple, lair_entry_dummy, grunt_decor_fettered,
          uniq_prince_ribbit1
D:10:     layout_stronghold, nicolae_diode_quadrants, uniq_snorg
D:11:     layout_loops_ring, okawaru_trees_1, uniq_fannar
D:12:     layout_loops_ring, erik_orc_2, serial_shops, kennysheep_mini,
          muffindrake_ghost_dual_entry, minmay_diced_spiral
Temple:   regret_index_temple_waves
Lair:1:   layout_gridlike, cheibrodos_lair_lostbears, grunt_megastairs_5
Lair:2:   layout_cave_pods, palyth_hydra_swamp_entry
Lair:3:   layout_loops_ring, minmay_snake_entry_six_corridors,
          grunt_megastairs_2, infiniplex_staircase_pool
Lair:4:   layout_long_grid, slime_entry_1
Lair:5:   wormcave, layout_hall_layers, hangedman_lair_in_review
Snake:1:  layout_gridlike, nicolae_shop_gadgets
Orc:1:    layout_caves, serial_shops, shop, mines3_lemuel
Orc:2:    st_orc_town, layout_caves, serial_shops, bzr_firewalk, shop, shop,
          guppyfry_orc_lava_fort

Skill      XL: |  1  2  3  4  5  6  7  8  9 10 11 12 13 14 15 |
---------------+----------------------------------------------+-----
Fighting       | 1 2 3 5 6 8 |  8.0
Summonings     | 5 6 8 10 | 10.0
Spellcasting   | 3 4 |  4.0
Hexes          | 2 3 |  3.0
Evocations     | 5 |  5.0
Air Magic      | 2 3 |  3.0
Axes           | 3 |  3.2
Dodging        | 4 5 |  5.0
Long Blades    | 3 8 11 15 18 20 | 20.2
Invocations    | 7 10 | 10.0
Stealth        | |  3.0

Action                     |  1- 3 |  4- 6 |  7- 9 | 10-12 | 13-15 || total
---------------------------+-------+-------+-------+-------+-------++-------
  Melee: Unarmed           |    84 |    76 |     7 |       |       ||   167
         Punch             |     1 |       |     5 |       |       ||     6
         Hand axe          |       |       |   142 |    73 |       ||   215
         Scimitar          |       |       |       |   165 |       ||   165
         Triple sword      |       |       |       |    56 |   519 ||   575
         Constrict         |       |       |       |       |   120 ||   120
   Fire: Triple crossbow   |       |       |       |       |     2 ||     2
   Cast: Summon Small Mamm |    40 |     5 |       |     2 |       ||    47
         Call Imp          |     5 |     3 |     2 |     1 |       ||    11
         Call Canine Famil |       |    11 |    15 |    20 |    15 ||    61
         Summon Guardian G |       |     2 |    10 |    17 |     2 ||    31
         Summon Lightning  |       |       |       |    14 |     8 ||    22
 Invoke: Dark Bargain      |       |       |       |     1 |     4 ||     5
         Recall Undead Har |       |       |       |       |     9 ||     9
         Drain Life        |       |       |       |       |     2 ||     2
         Bind Soul         |       |       |       |       |     1 ||     1
Ability: Spit Poison       |    11 |     6 |     1 |     1 |       ||    19
  Evoke: Wand              |       |       |     2 |     3 |    12 ||    17
    Use: Scroll            |     1 |     6 |       |    12 |     4 ||    23
         Potion            |       |       |       |     1 |     5 ||     6
   Stab: Distracted        |     2 |     2 |     2 |     7 |    11 ||    24
         Sleeping          |       |       |     1 |     1 |     4 ||     6
         Petrified         |       |       |       |       |     1 ||     1
         Paralysed         |       |       |       |       |     3 ||     3
 Armour: Robe              |    22 |    22 |    65 |   209 |   177 ||   495
  Dodge: Dodged            |    40 |    34 |    76 |   268 |   320 ||   738

Table legend: (Time is in decaauts)
 A = Elapsed time spent in this place.
 B = Non-inter-level travel time spent in this place.
 C = Inter-level travel time spent in this place.
 D = Time resting spent in this place.
 E = Time spent auto-exploring this place.
 F = Levels seen in this place.
 G = Mean time per level.
                   A        B        C        D        E       F      G
               +--------+--------+--------+--------+--------+-----+--------+
         Total |  26600 |  24463 |   2137 |   2043 |  17409 |  23 | 1156.5 |
       Dungeon |  16017 |  14615 |   1402 |    413 |  11208 |  12 | 1334.8 |
        Temple |     65 |     32 |     33 |      0 |     22 |   1 |   65.0 |
          Lair |   7453 |   6879 |    574 |   1029 |   4724 |   5 | 1490.6 |
     Snake Pit |    205 |    205 |      0 |     71 |     56 |   1 |  205.0 |
  Orcish Mines |   2389 |   2263 |    126 |    529 |   1082 |   2 | 1194.5 |
        Bazaar |    143 |    143 |      0 |      0 |     74 |   1 |  143.0 |
       Ossuary |    324 |    324 |      0 |      0 |    242 |   1 |  324.0 |
               +--------+--------+--------+--------+--------+-----+--------+

Top non-repeatable levels by time:
  Lair:5: 2159 daAuts
     D:3: 1743 daAuts
    D:12: 1597 daAuts
   Orc:2: 1597 daAuts
     D:8: 1595 daAuts
  Lair:2: 1579 daAuts
     D:2: 1531 daAuts
     D:9: 1448 daAuts
     D:5: 1446 daAuts
    D:10: 1389 daAuts
  Lair:1: 1361 daAuts
     D:6: 1285 daAuts
  Lair:3: 1279 daAuts
    D:11: 1198 daAuts
  Lair:4: 1074 daAuts
